AoeStats
← 阿多卡獵陶

Lombardia

508402856Analyzed
4v4 RM · 9d ago on Sep 22, 2026· 16m 3s· 8 players
Game mode
Random Map
Map size
Large (8 player)
Population
200
Speed
Normal
Resources
Standard
Victory
Conquest
Starting age
Dark Age
Ending age
Imperial Age
RankedLock teamsTeams togetherTeam positionsShared explorationLock speedFull tech treeHidden civsTurbo modeCheats
Victory
Defeat
1149
+12
🇺🇸 Slavs · United States
1139
+12
🇨🇭 Poles · Switzerland
1109
+14
🇩🇪 Ethiopians · Germany
1019
+18
🇹🇷 Saracens · Türkiye
1076
-14
🇦🇺 Tatars · Australia
1076
-15
🇹🇼 Spanish · Taiwan
1076
-15
🇨🇳 Huns · China
1005
-12
阿多卡獵陶
12:07 Feudal Age
13:46 Loom
15:20 Double-Bit Axe
15:18 Horse Collar
命格
3:04 Loom
11:49 Feudal Age
16:34 Castle Age
15:41 Double-Bit Axe
SilverArrow
11:54 Feudal Age
12:35 Loom
13:43 Double-Bit Axe
17:15 Castle Age
15:14 Horse Collar
Mystic Boy
9:15 Loom
11:00 Feudal Age
15:56 Castle Age
14:35 Double-Bit Axe
14:33 Horse Collar
jordham22
11:03 Feudal Age
13:18 Bloodlines
15:04 Horse Collar
15:13 Double-Bit Axe
15:57 Forging
yampozumpo
6:46 Loom
9:45 Feudal Age
10:24 Double-Bit Axe
10:21 Horse Collar
16:38 Scale Barding Armor
M@xAttacks
11:00 Feudal Age
14:52 Castle Age
13:59 Horse Collar
15:10 Double-Bit Axe
16:00 Heavy Plow
等我直帝进供给你们
8:14 Loom
10:18 Feudal Age
11:42 Double-Bit Axe
12:27 Horse Collar
16:19 Bloodlines
Connection lost

Rejoining the realm…

Still unreachable

The connection could not be restored.

Session expired

The server has moved on; the page needs a fresh start.